 Dungeon Crawl Stone Soup version 0.31.0-1-g2c135a008e (webtiles) character file.

Game seed: 7551391559090837581

772 qw the Shooter (level 8, -5/59 HPs)
             Began as a Djinni Hunter on Jan 23, 2024.
             Slain by Duvessa
             ... wielding a +4 rapier
              (9 damage)
             ... on level 4 of the Dungeon.
             The game lasted 00:00:14 (2823 turns).

qw the Shooter (Djinni Hunter)                      Turns: 2823, Time: 00:00:14

Health: -5/59      AC: 10    Str: 10    XL:     8   Next: 9%
Gold:   49         EV: 12    Int: 10    God:
                   SH:  0    Dex: 20

rFire   + + .        a - +0 shortbow (heavy)
rCold   . . .        (shield currently unavailable)
rNeg    . . .        m - +4 ring mail
rPois   inf          h - +0 helmet
rElec   .            (no cloak)
rCorr   .            (no gloves)
SInv    .            (boots unavailable)
Will    .....        l - amulet of the acrobat
Stlth   +            d - ring of protection from cold
HPRegen 0.29/turn    (no ring)
MPRegen 0.00/turn

%: acrobat, infuse magic (-6 HP)
@: flying
A: sickness immunity, fire resistance 2, cold vulnerability 1, float, innate
caster, HP casting, extra vitality 1
a: no special abilities


You were on level 4 of the Dungeon.
You visited 1 branch of the dungeon, and saw 5 of its levels.
You also visited: Sewer.

You collected 289 gold pieces.
You spent 240 gold pieces at shops.


Innate Abilities, Weirdness & Mutations

You are immune to sickness and miasma.
You are immune to poison.
Your flesh is very heat resistant. (rF++)
You are vulnerable to cold. (rC-)
You float through the air rather than walking.
You learn spells naturally, not from books.
Your magical power is your life essence.
You have superior vitality. (+4 MHP)


   Skills:
 - Level 5.1 Fighting
 - Level 6.1 Ranged Weapons
 - Level 1.1 Armour
 + Level 3.7 Dodging
 - Level 0.7 Stealth


You knew the following spells:

 Your Spells              Type           Power      Damage    Failure   Level
a - Kiss of Death         Conj/Necr      0%         2d5       67%         1
b - Ensorcelled Hibernat  Hex/Ice        0%         N/A       82%         2
c - Scorch                Fire           0%         2d5       82%         2
Your spell library was empty.

Inventory:

Hand Weapons
 a - a +0 heavy shortbow (weapon)
Armour
 h - a +0 helmet (worn)
 m - a +4 ring mail (worn)
Jewellery
 d - a ring of protection from cold (left hand)
 l - an amulet of the acrobat (around neck)
Wands
 j - a wand of mindburst (10)
Scrolls
 b - a scroll of brand weapon
 f - 5 scrolls of identify {unknown}
Potions
 c - a potion of degeneration {unknown}
 e - 2 potions of lignification {unknown}
 g - 2 potions of curing {unknown}
 i - a potion of haste {unknown}
 k - 2 potions of attraction {unknown}
 o - a potion of enlightenment {unknown}

Dungeon Overview and Level Annotations

Branches:
Dungeon (5/15)              Sewer (visited)
 Temple: D:4-7

Altars:
Makhleb
Qazlal

Shops:
D:4 [*

Annotations:
D:4 Duvessa


Message History

Found a pair of embroidered boots.
You see here a +1 pair of boots.
You reach down and open the door.
Duvessa and Dowan come into view.
Dowan shouts!
Duvessa shouts!
Found a scroll of butterflies and a lajatang.
You shoot an arrow. The arrow hits Dowan.
Dowan is moderately wounded.
Dowan hits you with a +0 dagger.
You shoot an arrow. The arrow barely misses Duvessa.
The arrow hits Dowan!
Dowan is severely wounded.
You shoot an arrow.
The arrow hits Duvessa but does no damage.
Duvessa says, "When magic and the sword combine, nothing stands against them."
Duvessa barely misses you.
Dowan mumbles some strange words.
Dowan blinks!
You shoot an arrow. The arrow hits Dowan.
Dowan is severely wounded.
Duvessa hits you with a +4 rapier. Dowan gestures at you while chanting.
You easily resist.
Duvessa closely misses you. Dowan hits you but does no damage.
You shoot an arrow. The arrow hits Dowan.
Dowan is almost dead.
Duvessa hits you with a +4 rapier! Dowan hits you with a +0 dagger. x2
Duvessa hits you with a +4 rapier!
You shoot an arrow. The arrow hits Dowan!
You kill Dowan!
Duvessa weeps, and shakes her weapon.
Duvessa goes berserk!
Duvessa hits you with a +4 rapier! x2
Your Ranged Weapons skill increases to level 6!
2823 ||| ZAPPING wand of quicksilver (1) at 1,0 (Duvessa; floor).
Aiming: Quicksilver Bolt
Press: ? - help, Q - select action, (/) - cycle Shift-Dir - straight line, f - Duvessa The bolt of dispelling energy misses Duvessa.
The now-empty wand crumbles to dust.
Duvessa hits you with a +4 rapier! x2
You die...

... ......# #.#####
#....####### #.#}8}#
#.....?..... #.#..)+
#........... #.#...#
#.......###. ####.#..?+
#........... #..#.#...
#....##.<...
##...##'#####.....######
#.#...@e.....#.........
#.##...).............##
#....######.###........
####.....##..........##
#####.########..#... #.#
##..... #.# ###### #.#
#### #.## #...


You could see Duvessa (berserk).

Vanquished Creatures
  Sigmund (D:3)
  An ice beast (D:5)
  2 bullfrogs (Sewer)
  Dowan (D:4)
  A howler monkey (D:5)
  A hound (D:4)
  An orc priest (D:4)
  Terence (D:3)
  An orc wizard (D:3)
  6 adders
  12 dart slugs
  15 orcs
  13 ball pythons
  2 bats
  15 endoplasms
  15 giant cockroaches
  5 goblins
  5 hobgoblins
  6 kobolds
  5 quokkas
  10 frilled lizards
119 creatures vanquished.

Notes
Turn   | Place    | Note
-------+----------+-------------------------------------------
     0 | D:1      | qw the Djinni Hunter began the quest for the Orb.
     0 | D:1      | Reached XP level 1. HP: 18/18 MP: 0/0
     0 | D:1      | 0 ||| qw: Version: 0.3-a-136-gdd3b4e8
     0 | D:1      | 0 ||| qw: Game counter: 1146
     0 | D:1      | 0 ||| qw: Melee chars always use a shield: true
     0 | D:1      | 0 ||| qw: God list: Okawaru
     0 | D:1      | 0 ||| qw: Allow faded altars: false
     0 | D:1      | 0 ||| qw: Do Orc after clearing Dungeon:15 true
     0 | D:1      | 0 ||| qw: Do second Lair branch before Depths: true
     0 | D:1      | 0 ||| qw: Lair rune preference: random
     0 | D:1      | 0 ||| qw: Goals: Normal
     0 | D:1      | 0 ||| PLANNING D:1-11
    55 | D:1      | Reached XP level 2. HP: 23/23 MP: 0/0
   267 | D:1      | Found a faded altar of an unknown god.
   477 | D:1      | Reached XP level 3. HP: 28/28 MP: 0/0
   477 | D:1      | Learned a level 1 spell: Kiss of Death
   478 | D:1      | Reached skill level 4 in Ranged Weapons
   485 | D:1      | 485 ||| UPGRADING to ring of protection from cold.
   486 | D:1      | 486 ||| DROPPING scroll of butterflies.
   857 | D:2      | Found a burning altar of Makhleb.
  1052 | D:2      | 1052 ||| READING 2 scrolls labelled SAGYUM WIZXEST.
  1052 | D:2      | 1052 ||| BRANDING +0 shortbow.
  1053 | D:2      | 1053 ||| READING scroll labelled ELUX YFONOTZ.
  1054 | D:2      | 1054 ||| READING scroll labelled XATINA JELOSS.
  1055 | D:2      | 1055 ||| DRINKING 2 yellow potions.
  1082 | D:3      | 1082 ||| PLANNING SEWER
  1107 | D:3      | Reached XP level 4. HP: 34/34 MP: 0/0
  1139 | D:3      | Noticed Sigmund
  1143 | D:3      | 1143 ||| ZAPPING wand of mindburst (12) at -1,-2 (Sigmund;
                  | floor).
  1144 | D:3      | 1144 ||| ZAPPING wand of mindburst (11) at -1,-2 (Sigmund;
                  | floor).
  1144 | D:3      | Killed Sigmund
  1145 | D:3      | Reached XP level 5. HP: 35/43 MP: 0/0
  1145 | D:3      | Learned a level 2 spell: Ensorcelled Hibernation
  1145 | D:3      | Reached XP level 6. HP: 39/49 MP: 0/0
  1251 | D:3      | You are sucked into a shaft and drop 2 floors!
  1251 | D:5      | Entered Level 5 of the Dungeon
  1342 | D:5      | Noticed an ice beast
  1348 | D:5      | Killed an ice beast
  1349 | D:5      | Reached skill level 3 in Dodging
  1402 | D:5      | 1402 ||| UPGRADING to +0 helmet.
  1407 | D:5      | 1407 ||| UPGRADING to +0 ring mail.
  1417 | D:5      | 1417 ||| DROPPING +0 leather armour.
  1433 | D:4      | Reached skill level 1 in Armour
  1433 | D:4      | Reached XP level 7. HP: 53/54 MP: 0/0
  1433 | D:4      | Learned a level 2 spell: Scorch
  1545 | D:3      | Found a glowing drain.
  1546 | D:3      | 1546 ||| READING scroll labelled WIUPRU ZEJA.
  1557 | Sewer    | Entered a sewer
  1825 | Sewer    | 1825 ||| RETREEEEATING.
  1826 | Sewer    | 1826 ||| RETREEEEATING.
  1827 | Sewer    | 1827 ||| RETREEEEATING.
  1831 | Sewer    | Reached skill level 5 in Ranged Weapons
  1887 | Sewer    | 1887 ||| READING scroll labelled IXEXICZAIBA.
  1902 | D:3      | 1902 ||| PLANNING D:1-11
  2048 | D:3      | Identified the +5 spear of Compound Interest {heavy, rN++
                  | Str-3 SInv}
  2122 | D:3      | Noticed Terence
  2132 | D:3      | Killed Terence
  2402 | D:3      | Found a stormy altar of Qazlal.
  2403 | D:3      | Found a burning altar of Makhleb.
  2414 | D:3      | 2414 ||| UPGRADING to +4 ring mail.
  2424 | D:3      | 2424 ||| DROPPING +0 ring mail.
  2425 | D:3      | 2425 ||| UPGRADING to amulet of the acrobat.
  2511 | D:4      | Found Pahyufid's Assorted Antiques.
  2528 | D:4      | Reached XP level 8. HP: 25/59 MP: 0/0
  2530 | D:4      | HP: 10/59 [orc/+0 flail (7)]
  2531 | D:4      | 2531 ||| DRINKING potion of heal wounds.
  2658 | D:4      | 2658 ||| BUYING black potion (28 gold).
  2658 | D:4      | Bought a black potion for 28 gold pieces
  2658 | D:4      | 2658 ||| BUYING bubbling brown potion (28 gold).
  2658 | D:4      | Bought a bubbling brown potion for 28 gold pieces
  2658 | D:4      | 2658 ||| BUYING forked silver wand (128 gold).
  2658 | D:4      | Bought a forked silver wand for 128 gold pieces
  2658 | D:4      | 2658 ||| BUYING grey potion (28 gold).
  2658 | D:4      | Bought a grey potion for 28 gold pieces
  2658 | D:4      | 2658 ||| SHOPLISTING potion of heal wounds (160 gold, have
                  | 77).
  2658 | D:4      | 2658 ||| BUYING red potion (28 gold).
  2658 | D:4      | Bought a red potion for 28 gold pieces
  2658 | D:4      | 2658 ||| SHOPLISTING shiny coral ring (160 gold, have 49).
  2784 | D:4      | Found Heganem's Armour Shop.
  2816 | D:4      | Noticed Duvessa
  2816 | D:4      | Noticed Dowan
  2822 | D:4      | Killed Dowan
  2823 | D:4      | Reached skill level 6 in Ranged Weapons
  2823 | D:4      | 2823 ||| ZAPPING wand of quicksilver (1) at 1,0 (Duvessa;
                  | floor).
  2823 | D:4      | HP: 4/59 [Duvessa/+4 rapier (14)]
  2823 | D:4      | Slain by Duvessa

Levels and vault maps discovered:
D:1:      shiori_arrival_oz, layout_rooms,
          hellmonk_ecumenical_altar_inner_sanctum, minmay_tree_intersection,
          minivault_4
D:2:      layout_loops_cross, basic_altar, minmay_fountain_box
D:3:      layout_loops_ring, grunt_temple_overflow_open, portal_sewer_entry_f,
          uniq_sigmund, uniq_terence
D:4:      dreamdust_elfheim, layout_rooms, serial_shops, shop,
          nicolae_stop_n_shop_1, shop_coins
D:5:      minmay_spotlight, layout_basic, minmay_temple_entry_butterflies,
          minmay_misc_feat_encased

Skill      XL: |  1  2  3  4  5  6  7  8 |
---------------+-------------------------+-----
Ranged Weapons | 4 5 6 |  6.1
Fighting       | 5 |  5.1
Dodging        | 3 |  3.7
Armour         | 1 |  1.1
Stealth        | |  0.7

Action                     |  1- 3 |  4- 6 |  7- 9 || total
---------------------------+-------+-------+-------++-------
   Fire: Shortbow          |    83 |    26 |   172 ||   281
  Evoke: Wand              |       |     2 |     1 ||     3
    Use: Scroll            |     3 |       |     2 ||     5
         Potion            |     1 |       |     1 ||     2
 Armour: Leather armour    |     9 |    11 |       ||    20
         Ring mail         |       |     1 |   128 ||   129
  Dodge: Dodged            |    22 |    17 |   146 ||   185

Table legend:
 A = Non-vault XP
 B = Vault XP
 C = Vault XP percentage of total XP
 D = Non-vault monster count
 E = Vault monster count
 F = Vault count percentage of total count
                 A         B        C        D         E       F
            +---------+---------+-------+---------+---------+-------
      Total |     453 |     650 |  58.9 |      63 |      56 |  47.1
            +---------+---------+-------+---------+---------+-------
        D:1 |      29 |       2 |   6.5 |      15 |       1 |   6.2
        D:2 |      35 |       0 |   0.0 |      13 |       0 |   0.0
        D:3 |      77 |     262 |  77.3 |      16 |       8 |  33.3
        D:4 |     125 |      69 |  35.6 |      17 |       1 |   5.6
        D:5 |     187 |       0 |   0.0 |       2 |       0 |   0.0
      Sewer |       0 |     317 | 100.0 |       0 |      46 | 100.0
            +---------+---------+-------+---------+---------+-------
